 Dungeon Crawl Stone Soup version 0.21.1-1-g345015f (webtiles) character file.

136 poirepourri the Ruffian (level 5, 0/41 HPs)
             Began as a Ghoul Gladiator on Feb 22, 2018.
             Slain by a hippogriff (6 damage)
             ... on level 3 of the Dungeon.
             The game lasted 00:03:14 (1483 turns).

poirepourri the Ruffian (Ghoul Gladiator)           Turns: 1483, Time: 00:03:14

Health: 0/41       AC:  3    Str: 18    XL:     5   Next: 19%
Magic:  4/4        EV: 12    Int:  3    God:
Gold:   120        SH:  0    Dex: 11    Spells: 4/4 levels left

rFire    . . .     SeeInvis .     - Unarmed
rCold    + + .     Gourm    .   (no shield)
rNeg     + + +     Faith    .   a - +0 leather armour
rPois    ∞         Spirit   .   h - +0 hat
rElec    .         Reflect  .   (no cloak)
rCorr    .         Harm     .   (no gloves)
MR       +....                  (no boots)
Stlth    +.........             k - amulet of regeneration
HPRegen  0.00/turn              n - ring of protection from magic
MPRegen  0.09/turn              e - ring of protection from cold

@: rotting
A: rotting body, claws 1, carnivore, cold resistance 1, negative energy
resistance 3, inhibited regeneration, torment resistance, unbreathing
a: no special abilities


You were on level 3 of the Dungeon.
You were not hungry.

You visited 1 branch of the dungeon, and saw 3 of its levels.

You collected 120 gold pieces.

Inventory:

Missiles
 c - 3 throwing nets (quivered)
 j - 82 stones
Armour
 a - a +0 leather armour (worn)
 b - a +0 helmet
 h - a +0 hat (worn)
 l - a +0 large shield
Jewellery
 e - a ring of protection from cold (right claw)
 g - an uncursed ring of stealth
 k - an amulet of regeneration (around neck)
 n - a ring of protection from magic (left claw)
Wands
 i - a wand of polymorph (12)
Potions
 f - a potion of brilliance {unknown}
 m - 2 potions of cancellation {unknown}
Comestibles
 d - 4 rations


   Skills:
 + Level 2.2 Fighting
 - Level 1.7 Throwing
 - Level 2.6 Dodging
 - Level 6.3 Unarmed Combat


You had 4 spell levels left.
You didn't know any spells.

Dungeon Overview and Level Annotations

Branches:
Dungeon (3/15)

Altars:


Innate Abilities, Weirdness & Mutations

Your body is rotting away.
You thrive on raw meat.
You are immune to poison.
You have sharp fingernails.
You are carnivorous and can eat meat at any time.
Your flesh is cold resistant. (rC+)
You are immune to negative energy. (rN+++)
You do not regenerate when monsters are visible.
You are immune to unholy pain and torment.
You can survive without breathing.


Message History

The rat bites you but does no damage. The goblin barely misses you.
The hippogriff closely misses you. The hippogriff pecks you!
The hippogriff closely misses you.
You scratch the scorpion but do no damage.
The scorpion stings you.
You barely miss the scorpion. The rat completely misses you.
The goblin closely misses you. The hippogriff misses you.
The hippogriff barely misses you. The hippogriff claws you.
The scorpion barely misses you.
You closely miss the scorpion. The rat completely misses you.
The goblin barely misses you. The hippogriff bites you.
The hippogriff pecks you.
* * * LOW HITPOINT WARNING * * *
The hippogriff barely misses you.
You closely miss the scorpion.
You claw the scorpion, but do no damage.
The scorpion stings you.
* * * LOW HITPOINT WARNING * * *
The rat misses you. The goblin completely misses you. The hippogriff bites you.
You die...

.# .# .# .# ## ######
# #....######### ##
#............## .##
###.%...........##
..###.....†....s@g...#
......#........rH....#
##....#..............#
.....................#
#####................#
##....!.........##
####..........## #
#.#.##.##### . #


You could see a hippogriff, a scorpion, a goblin and a rat.

Vanquished Creatures
  Natasha (thrice) (D:2)
  An adder (D:3)
  3 dart slugs (D:1)
  A leopard gecko (D:2)
  A giant cockroach (D:2)
  7 goblins
  7 hobgoblins
  4 jackals (D:1)
  2 quokkas (D:2)
  2 ball pythons
  3 bats (D:1)
  3 frilled lizards
  4 kobolds
  6 rats
47 creatures vanquished.

Notes
Turn   | Place    | Note
-------+----------+-------------------------------------------
     0 | D:1      | poirepourri the Ghoul Gladiator began the quest for the Orb.
     0 | D:1      | Reached XP level 1. HP: 17/17 MP: 0/0
   195 | D:1      | Reached XP level 2. HP: 6/24 MP: 1/1
   315 | D:1      | Reached skill level 4 in Unarmed Combat
   501 | D:1      | Reached XP level 3. HP: 27/29 MP: 2/2
   835 | D:2      | Noticed Natasha
   841 | D:2      | Killed Natasha
   841 | D:2      | Reached skill level 5 in Unarmed Combat
   841 | D:2      | Reached XP level 4. HP: 30/36 MP: 3/3
  1206 | D:2      | Noticed Natasha
  1213 | D:2      | Killed Natasha
  1348 | D:2      | Noticed Natasha
  1364 | D:2      | HP: 1/36 [shadow imp[Natasha] (4)]
  1365 | D:2      | Killed Natasha
  1365 | D:2      | Reached skill level 6 in Unarmed Combat
  1365 | D:2      | Reached XP level 5. HP: 2/41 MP: 4/4
  1474 | D:3      | Noticed a hippogriff
  1483 | D:3      | Slain by a hippogriff

Skill      XL: |  1  2  3  4 |
---------------+-------------+-----
Unarmed Combat | 4 5 6 |  6.3
Fighting       | |  2.2
Throwing       | |  1.7
Dodging        | |  2.6

Action                   |  1- 3 |  4- 6 || total
-------------------------+-------+-------++-------
Melee: Unarmed           |    65 |    85 ||   150
       Punch             |     1 |     2 ||     3
  Use: Scroll            |     6 |       ||     6
       Potion            |       |     1 ||     1
  Eat: Chunk             |    16 |    12 ||    28
Armor: Leather armour    |    34 |    14 ||    48
Dodge: Dodged            |    62 |    86 ||   148
